 Dungeon Crawl Stone Soup version 0.25-a0-426-g7d9e569eea (webtiles) character file.

Game seed: 1006042395943766257, levelgen mode: deterministic

17280 BeastOfSaturn the Cleaver (level 12, -4/95 HPs)
             Began as a Minotaur Skald on Jan 25, 2020.
             Slain by a fire crab (12 damage)
             ... on level 11 of the Dungeon.
             The game lasted 00:53:31 (17668 turns).

BeastOfSaturn the Cleaver (Minotaur Skald)         Turns: 17668, Time: 00:53:32

Health: -4/95      AC:  3    Str: 17    XL:     12   Next: 17%
Magic:  15/15      EV: 15    Int: 13    God:
Gold:   345        SH:  8    Dex: 11    Spells: 12/17 levels left

rFire    . . .     SeeInvis .   a - +5 war axe (freeze)
rCold    + . .     Gourm    .   z - +2 buckler
rNeg     . . .     Faith    .   (no armour)
rPois    .         Spirit   .   (helmet restricted)
rElec    .         Reflect  .   (no cloak)
rCorr    .         Harm     .   A - +0 pair of gloves
MR       .....                  N - +0 pair of boots
Stlth    +.........             (no amulet)
HPRegen  0.25/turn              i - ring of protection from cold
MPRegen  0.14/turn              n - +3 ring of evasion

@: about to teleport
A: retaliatory headbutt, horns 2
a: no special abilities


You were on level 11 of the Dungeon.
You were not hungry.

You visited 3 branches of the dungeon, and saw 14 of its levels.

You collected 741 gold pieces.
You spent 396 gold pieces at shops.

Inventory:

Hand Weapons
 a - a +5 war axe of freezing (weapon)
 b - the +7 hunting sling of the Beginning {speed, rF+}
   (You found it on level 10 of the Dungeon)

   Attacks with this weapon are significantly faster.
   It protects you from fire.
 h - the +9 whip of Piefime {pain, *Rage rN++}
   (You found it on level 7 of the Dungeon)

   In the hands of one skilled in necromantic magic, it inflicts extra damage on
   living creatures.
   It greatly protects you from negative energy.
   It may make you go berserk in combat.
 R - the +1 flail of Etap {chaos, rPois rN+ MR-}
   (You found it on level 5 of the Dungeon)

   Each time it hits an enemy it has a different, random effect.
   It protects you from poison.
   It protects you from negative energy.
   It affects your resistance to hostile enchantments.
Missiles
 S - 99 stones (quivered)
Armour
 o - a +0 plate armour
 w - +0 ice dragon scales
 z - a +2 buckler (worn)
 A - a +0 pair of gloves (worn)
 I - a +2 ring mail of poison resistance
 N - a +0 pair of boots (worn)
 T - a +0 troll leather armour
Magical Staves
 J - an uncursed staff of wizardry {unknown}
Jewellery
 g - an uncursed ring of protection from magic {unknown}
 i - a ring of protection from cold (left hand)
 n - a +3 ring of evasion (right hand)
Wands
 y - a wand of digging (8)
 D - a wand of paralysis (8)
 U - a wand of acid (11)
 V - a wand of flame (15)
Scrolls
 e - 3 scrolls of magic mapping
 f - a scroll of fear
 m - 7 scrolls of identify
 p - 2 scrolls of amnesia {unknown}
 q - a scroll of enchant weapon
 s - 6 scrolls of teleportation
 t - 4 scrolls of enchant armour
 u - a scroll of acquirement {unknown}
 B - a scroll of fog {unknown}
 E - 2 scrolls of noise {unknown}
 G - a scroll of vulnerability {unknown}
 K - a scroll of remove curse
 Q - a scroll of blinking {unknown}
Potions
 c - a potion of heal wounds
 j - a potion of flight
 k - a potion of cancellation {unknown}
 l - 2 potions of agility
 r - 3 potions of lignification
 v - 3 potions of ambrosia {unknown}
 x - a potion of degeneration {unknown}
 C - a potion of haste
 F - 2 potions of brilliance {unknown}
 H - 2 potions of might {unknown}
 L - 2 potions of berserk rage {unknown}
 O - a potion of mutation {unknown}
 P - a potion of curing
Miscellaneous
 M - a sack of spiders
Comestibles
 d - 9 rations


   Skills:
 + Level 5.8 Fighting
 + Level 14.3(14.4) Axes
 + Level 2.3(9.9) Maces & Flails
 + Level 1.0 Slings
 + Level 12.4 Armour
 - Level 2.1 Dodging
 * Level 10.5 Shields
 + Level 3.0 Spellcasting
 + Level 3.6 Charms
 + Level 0.4 Translocations


You had 12 spell levels left.
You knew the following spells:

 Your Spells              Type           Power        Failure   Level  Hunger
a - Infusion              Chrm           ##..         5%          1    #......
b - Song of Slaying       Chrm           ##......     8%          2    ###....
c - Shroud of Golubria    Chrm/Tloc      #.....       16%         2    ###....

Your spell library contained the following spells:

 Spells                   Type           Power        Failure   Level  Hunger
 Beastly Appendage        Tmut           #.....       22%         1    #......
 Corona                   Hex            #......      22%         1    #......
 Ozocubu's Armour         Chrm/Ice       #.......     32%         3    ###....
 Spectral Weapon          Hex/Chrm       #.......     32%         3    ###....
 Ensorcelled Hibernation  Hex/Ice        #.....       34%         2    ###....
 Sticks to Snakes         Tmut           #.......     34%         2    ###....
 Confusing Touch          Hex            #.......     56%         3    ###....
 Dazzling Flash           Conj/Hex       #.....       56%         3    ###....
 Spider Form              Tmut/Pois      #.........   56%         3    ###....
 Tukima's Dance           Hex            #.......     56%         3    ###....
 Ice Form                 Ice/Tmut       #.......     92%         4    #####..
 Blade Hands              Tmut           #.........   99%         5    ######.


Dungeon Overview and Level Annotations

Branches:
Dungeon (11/15)            Temple (1/1) D:7            Lair (2/6) D:8
  Snake (0/4) Lair:2
  Swamp: Lair:2-4    Shoals: Lair:2-4       Orc: D:9-12

Altars:
Ashenzari
Dithmenos
Elyvilon
Fedhas
Gozag
Hepliaklqana
Kikubaaqudgha
Makhleb
Nemelex Xobeh
Okawaru
Ru
Sif Muna
Trog
Uskayaw
Vehumet
Wu Jian
Xom
Yredelemnul
Zin
The Shining One

Shops:
D:8 [![

Annotations:
D:3 Sigmund
Lair:1 exclusion: oklob plant


Innate Abilities, Weirdness & Mutations

You reflexively headbutt those who attack you in melee.
You have a pair of horns on your head.


Message History

[Y]es or [N]o only, please.
Keep disrobing?
You continue taking off your +0 ice dragon scales.
The fire crab breathes flames at you. The blast of flame engulfs you!
The fire burns you terribly!
You continue taking off your +0 ice dragon scales.
You are engulfed in blazing flames.
* * * LOW HITPOINT WARNING * * *
The fire crab barely misses you.
The fire crab claws you but does no damage.
You finish taking off your +0 ice dragon scales.
You feel much better.
You are engulfed in blazing flames.
* * * LOW HITPOINT WARNING * * *
You block the fire crab's attack.
The fire crab claws you but does no damage.
As you read the scroll of teleportation, it crumbles to dust.
You feel strangely unstable. The fire crab bites you!
* * * LOW HITPOINT WARNING * * *
You are engulfed in flames!
You die...

.....# #....#....###### ## .....#
#.##.#....# .###### #.##.#....#
.#....# #....#....#
.#..#.#########....#.#
.#..#.#......##....#.#
.#..#.#......##....#t#
##..#.#......##....#☼#
#....'......##.@..#○#
#....#......##..t.#☼#
#.##.#......##....#°# ##
#....#......##......# #.
#....#......##.....## #######.
#....#......##.....# #.....#.
#....#......##.....# #.....#.
#....#......##.....######.....#.
##....#......##.....##..##.....#.


You could see a fire crab.

Vanquished Creatures
  A two-headed ogre (D:11)
  Pikel (D:5)
  An ugly thing (D:11)
  A black mamba (Lair:2)
  3 spiny frogs (Lair:2)
  2 komodo dragons (Lair:1)
  A merfolk (D:9)
  6 trolls
  2 hornets
  Prince Ribbit (D:7)
  3 blink frogs (Lair:2)
  3 hippogriffs
  4 dream sheep (Lair:2)
  2 wyverns (D:10)
  5 yaks
  2 hungry ghosts (D:8)
  Eustachio (D:6)
  2 basilisks (Lair:1)
  A steam dragon (D:11)
  Menkaure (D:6)
  12 water moccasins
  6 porcupines
  5 sky beasts
  3 ice beasts
  2 orc warriors
  3 phantoms
  An eye of draining (D:10)
  4 ogres
  4 crocodiles (Lair:1)
  5 centaurs
  2 big kobolds
  12 bullfrogs
  2 wyvern skeletons
  5 scorpions
  19 killer bees
  5 wights (D:8)
  3 howler monkeys (D:9)
  5 crimson imps
  A bullfrog zombie (D:5)
  A quasit (D:9)
  3 orc priests
  4 hounds
  2 bullfrog skeletons
  2 centaur skeletons
  6 jellies
  5 iguanas
  9 orc wizards
  6 worker ants
  A hound zombie (D:8)
  A worker ant zombie (D:11)
  2 howler monkey skeletons
  10 gnolls
  16 adders
  4 shadow imps
  3 oozes
  2 adder zombies
  An adder skeleton (D:4)
  3 worms
  4 dart slugs
  6 leopard geckos
  27 orcs
  8 giant cockroaches
  2 goblins
  6 hobgoblins
  12 jackals
  4 quokkas
  5 ball pythons
  10 bats
  6 frilled lizards
  15 kobolds
  2 leopard gecko skeletons
  12 rats
  3 fungi
  2 plants
347 creatures vanquished.

Vanquished Creatures (others)
  38 fungi (D:8)
  6 plants (D:8)
44 creatures vanquished.

Grand Total: 391 creatures vanquished

Notes
Turn   | Place    | Note
-------+----------+-------------------------------------------
     0 | D:1      | BeastOfSaturn the Minotaur Skald began the quest for the
                  | Orb.
     0 | D:1      | Reached XP level 1. HP: 18/18 MP: 1/1
   249 | D:1      | Reached XP level 2. HP: 25/25 MP: 3/3
   767 | D:1      | Reached XP level 3. HP: 23/30 MP: 4/4
  1195 | D:2      | Reached skill level 3 in Axes
  1199 | D:2      | Learned a level 2 spell: Song of Slaying
  1235 | D:2      | Reached XP level 4. HP: 22/38 MP: 5/5
  3251 | D:3      | Found an iron altar of Okawaru.
  3340 | D:3      | Reached XP level 5. HP: 37/45 MP: 6/6
  3392 | D:3      | Noticed Sigmund
  4083 | D:3      | Reached skill level 4 in Axes
  4539 | D:4      | Reached XP level 6. HP: 46/51 MP: 7/7
  4714 | D:4      | You fall into a shaft and drop 3 floors!
  4721 | D:6      | Reached skill level 5 in Armour
  4728 | D:6      | Noticed Eustachio
  4734 | D:5      | Entered Level 5 of the Dungeon
  4852 | D:5      | Reached skill level 5 in Axes
  4852 | D:5      | Reached skill level 1 in Shields
  5594 | D:5      | Reached XP level 7. HP: 49/57 MP: 8/8
  5746 | D:5      | Noticed Pikel
  5758 | D:5      | Killed Pikel
  5758 | D:5      | Reached skill level 7 in Axes
  5758 | D:5      | Reached XP level 8. HP: 30/63 MP: 7/9
  6276 | D:5      | Got a warped flail
  6277 | D:5      | Identified the cursed +1 flail of Etap {chaos, rPois rN+
                  | MR-} (You found it on level 5 of the Dungeon)
  6719 | D:6      | Noticed Menkaure
  6725 | D:6      | Killed Menkaure
  7706 | D:6      | Killed Eustachio
  7706 | D:6      | Reached skill level 8 in Axes
  7815 | D:7      | Reached XP level 9. HP: 69/69 MP: 8/10
  7822 | D:7      | Noticed Prince Ribbit
  7842 | D:7      | Killed Prince Ribbit
  7842 | D:7      | Reached skill level 5 in Shields
  8348 | D:7      | Got a warped whip
  8363 | D:7      | Found a staircase to the Ecumenical Temple.
  8364 | D:7      | Identified the +9 whip of Piefime {pain, *Rage rN++} (You
                  | found it on level 7 of the Dungeon)
  8422 | D:7      | Paralysed by a hornet for 2 turns
  8425 | D:7      | Reached skill level 9 in Axes
  9167 | D:8      | Reached skill level 10 in Armour
  9198 | D:8      | Reached skill level 10 in Axes
  9384 | D:8      | Found a staircase to the Lair.
  9446 | D:8      | Reached XP level 10. HP: 61/77 MP: 12/12
  9662 | D:8      | Found Nedi's Armour Shop.
  9668 | D:8      | Bought a +1 ring mail of poison resistance for 156 gold
                  | pieces
  9780 | D:8      | Found Umamnod's Distillery.
  9796 | D:8      | Bought a potion of heal wounds for 80 gold pieces
  9796 | D:8      | Bought a potion of heal wounds for 80 gold pieces
  9796 | D:8      | Bought a potion of heal wounds for 80 gold pieces
  9932 | Temple   | Entered the Ecumenical Temple
 10014 | D:8      | Found a radiant altar of Vehumet.
 10048 | D:8      | Reached skill level 11 in Axes
 10062 | D:8      | Found Nacw's Armour Shoppe.
 10338 | Lair:1   | Entered Level 1 of the Lair of Beasts
 10494 | Lair:1   | Learned a level 2 spell: Shroud of Golubria
 10959 | Lair:1   | Noticed an oklob plant
 11226 | Lair:1   | Reached skill level 1 in Maces & Flails
 11229 | Lair:1   | Reached skill level 12 in Axes
 12112 | Lair:2   | Found a staircase to the Snake Pit.
 12145 | Lair:2   | Reached XP level 11. HP: 46/82 MP: 11/13
 13091 | Lair:2   | Reached skill level 13 in Axes
 14276 | D:10     | Entered Level 10 of the Dungeon
 14664 | D:10     | Got a crude hunting sling
 14667 | D:10     | Identified the +7 hunting sling of the Beginning {speed,
                  | rF+} (You found it on level 10 of the Dungeon)
 15044 | D:10     | Reached skill level 5 in Fighting
 15088 | D:10     | Found an opulent altar of Gozag.
 15609 | D:10     | Reached skill level 14 in Axes
 16704 | D:11     | Reached skill level 10 in Shields
 16704 | D:11     | Reached XP level 12. HP: 91/94 MP: 15/15
 16744 | D:11     | Reached skill level 1 in Slings
 16800 | D:11     | Noticed a two-headed ogre
 16809 | D:11     | Killed a two-headed ogre
 17201 | D:11     | Found a runed translucent door.
 17668 | D:11     | Slain by a fire crab

Levels and vault maps discovered:
D:1:      dpeg_arrival_radiant, layout_basic
D:2:      layout_basic, serial_forest, infiniplex_forest_lined_ring,
          infiniplex_forest_clump_small, infiniplex_forest_lined_2,
          infiniplex_forest_clump_long, infiniplex_forest_lined_corner,
          infiniplex_forest_lined_room_3, infiniplex_forest_clump_curved
D:3:      layout_basic, lemuel_crystal_altar, first_ration, uniq_sigmund
D:4:      layout_basic
D:5:      layout_basic, uniq_pikel
D:6:      layout_cave_pods, uniq_eustachio, uniq_menkaure
D:7:      layout_rooms, minmay_temple_entry_from_below_b, dk_vineyard_3,
          uniq_prince_ribbit1
D:8:      layout_basic, due_lair_maze_entry_diamond, basic_altar, serial_shops,
          nicolae_shop_stone, kennysheep_little_box, shop
D:9:      layout_cave_pools, hangedman_fish_farm
D:10:     minmay_clustersquares, layout_grid_maze,
          nicolae_gozag_cash_rules_everything_around_me
D:11:     gammafunk_mikee_crab_dinner, layout_stronghold
Temple:   grunt_wide_crystal_templ
Lair:1:   layout_regular_city, minivault_23, serial_bayou_shore_b,
          infiniplex_staircase_pool, minmay_lair_oklob_chamber,
          grunt_megastairs_4
Lair:2:   layout_long_grid, nicolae_swamp_entry_splash_gauntlet,
          minmay_snake_entry_six_corridors

Skill      XL: |  1  2  3  4  5  6  7  8  9 10 11 12 |
---------------+-------------------------------------+-----
Armour         | 2 3 4 5 7 9 10 11 12 | 12.4
Axes           | 3 4 5 7 8 10 12 14 | 14.3
Fighting       | 3 5 |  5.8
Shields        | 2 3 4 6 8 10 | 10.5
Spellcasting   | 2 3 |  3.0
Charms         | 3 |  3.6
Maces & Flails | 2 |  2.3
Slings         | 1 |  1.0
Dodging        | |  2.1
Translocations | |  0.4

Action                   |  1- 3 |  4- 6 |  7- 9 | 10-12 || total
-------------------------+-------+-------+-------+-------++-------
Melee: Hand axe          |    92 |    66 |       |       ||   158
       Headbutt          |    13 |    24 |    32 |    61 ||   130
       War axe           |       |   109 |   231 |   482 ||   822
       Flail             |       |       |       |    21 ||    21
 Fire: Hunting sling     |       |       |       |     6 ||     6
 Cast: Song of Slaying   |       |     1 |     3 |     8 ||    12
       Infusion          |       |       |     2 |     4 ||     6
       Shroud of Golubri |       |       |       |     6 ||     6
  Use: Scroll            |       |     6 |     6 |     6 ||    18
       Potion            |       |     3 |     2 |     8 ||    13
  Eat: Ration            |     1 |     4 |     4 |     8 ||    17
       Chunk             |       |       |     1 |       ||     1
Armor: Leather armour    |     6 |       |       |       ||     6
       Scale mail        |    57 |    62 |    61 |     1 ||   181
       Ring mail         |       |       |       |   123 ||   123
       Ice dragon scales |       |       |       |    15 ||    15
       Skin              |       |       |       |     1 ||     1
Dodge: Dodged            |    76 |    92 |   113 |   317 ||   598
Block: Shield            |       |    23 |       |       ||    23
       Buckler           |       |    11 |    75 |   174 ||   260

Table legend:
 A = Non-vault XP
 B = Vault XP
 C = Vault XP percentage of total XP
 D = Non-vault monster count
 E = Vault monster count
 F = Vault count percentage of total count
                 A         B        C        D         E       F
            +---------+---------+-------+---------+---------+-------
      Total |   19543 |    5144 |  20.8 |     302 |      40 |  11.7
            +---------+---------+-------+---------+---------+-------
        D:1 |      73 |       0 |   0.0 |      33 |       0 |   0.0
        D:2 |     100 |       0 |   0.0 |      27 |       0 |   0.0
        D:3 |      82 |       0 |   0.0 |      18 |       0 |   0.0
        D:4 |     136 |       0 |   0.0 |      17 |       0 |   0.0
        D:5 |     774 |     607 |  44.0 |      16 |       1 |   5.9
        D:6 |     559 |     353 |  38.7 |      13 |       2 |  13.3
        D:7 |     817 |     268 |  24.7 |      21 |       1 |   4.5
        D:8 |    2266 |    1193 |  34.5 |      45 |      11 |  19.6
        D:9 |    1329 |     313 |  19.1 |      27 |       1 |   3.6
       D:10 |    3094 |     969 |  23.8 |      30 |       9 |  23.1
       D:11 |    3476 |       0 |   0.0 |      26 |       0 |   0.0
     Lair:1 |    2839 |     346 |  10.9 |      16 |       2 |  11.1
     Lair:2 |    3998 |    1095 |  21.5 |      13 |      13 |  50.0
            +---------+---------+-------+---------+---------+-------
